 Dungeon Crawl Stone Soup version 0.24-a0-581-gc0fa6600bf (webtiles) character file.

Game seed: 675354413642461846

40 Amnesiac the Sneak (level 3, -6/19 HPs)
             Began as a Deep Elf Enchanter on Aug 25, 2019.
             Mangled by a worm (11 damage)
             ... on level 4 of the Dungeon.
             The game lasted 00:03:52 (1123 turns).

Amnesiac the Sneak (Deep Elf Enchanter)             Turns: 1123, Time: 00:03:52

Health: -6/19      AC:  2    Str:  5    XL:     3   Next: 30%
Magic:  4/18       EV: 13    Int: 20    God:
Gold:   78         SH:  0    Dex: 15    Spells: 2/8 levels left

rFire    . . .     SeeInvis .   g - -3 spear (curse)
rCold    . . .     Gourm    .   (no shield)
rNeg     . . .     Faith    .   b - +0 robe
rPois    .         Spirit   .   (no helmet)
rElec    .         Reflect  .   (no cloak)
rCorr    .         Harm     .   h - -1 pair of gloves (curse)
MR       .....                  (no boots)
Stlth    +++.......             (no amulet)
HPRegen  0.06/turn              c - ring of magical power
MPRegen  0.16/turn              (no ring)

@: very slightly contaminated
A: no striking features
a: no special abilities


You were on level 4 of the Dungeon.
You were very hungry.

You visited 1 branch of the dungeon, and saw 4 of its levels.

You collected 78 gold pieces.

Inventory:

Hand Weapons
 a - a +1 dagger
 g - a cursed -3 spear (weapon)
Armour
 b - a +0 robe (worn)
 h - a cursed -1 pair of gloves (worn)
Magical Staves
 j - an uncursed staff of air
Jewellery
 c - a ring of magical power (left hand)
Scrolls
 e - a scroll of fear {unknown}
Comestibles
 d - 6 rations


   Skills:
 + Level 2.0 Short Blades
 - Level 2.4 Dodging
 * Level 5.1 Stealth
 - Level 3.0 Spellcasting
 - Level 4.0 Hexes


You had 2 spell levels left.
You knew the following spells:

 Your Spells              Type           Power        Failure   Level  Hunger
a - Ensorcelled Hibernat  Hex/Ice        ##....       10%         2    ##.....
b - Corona                Hex            ###....      2%          1    None
e - Confuse               Hex            ###.....     9%          3    ###....

Your spell library contained the following spells:

 Spells                   Type           Power        Failure   Level  Hunger
 Tukima's Dance           Hex            ###.....     9%          3    ###....
 Dazzling Spray           Conj/Hex       ##....       19%         3    ###....


Dungeon Overview and Level Annotations

Branches:
Dungeon (4/15)
 Temple: D:4-7

Altars:
Gozag
Okawaru
Zin

Annotations:
D:3 Grinder


Message History

You hit the worm.
The worm is lightly wounded.
Attack whom?
Press: ? - help, Dir - move target cursor, f/p - worm
Aim: a worm (confused)
You reach to attack!
You hit the worm.
The worm is lightly wounded.
Attack whom?
Press: ? - help, Dir - move target cursor, f/p - worm
Aim: a worm (lightly wounded, confused)
You reach to attack!
You hit the worm but do no damage.
The worm is lightly wounded.
Attack whom?
Press: ? - help, Dir - move target cursor, f/p - worm
Aim: a worm (lightly wounded, confused)
You hit the worm but do no damage.
The worm is lightly wounded.
The worm bites you!
Ouch! That really hurt!
You die...

........
####...
########..
#.........
##.#####...
##..# #...
####..## ##..
#
######....##
##.
#.#.w@...####
##
#...##.....#
#..###.....#
#.. #.....#
...# #.....#
.... #.....#
......
#.....# .....
#......#
.....
#......#


You could see a worm (confused).

Vanquished Creatures
  An adder (D:2)
  2 adder skeletons (D:4)
  2 worms (D:2)
  2 giant cockroaches (D:2)
  2 goblins
  3 kobolds (D:2)
  2 quokkas (D:2)
  6 bats
  A rat (D:2)
21 creatures vanquished.

Notes
Turn   | Place    | Note
-------+----------+-------------------------------------------
     0 | D:1      | Amnesiac the Deep Elf Enchanter began the quest for the
                  | Orb.
     0 | D:1      | Reached XP level 1. HP: 10/10 MP: 6/6
   127 | D:2      | Reached skill level 4 in Stealth
   177 | D:2      | Found an iron altar of Okawaru.
   203 | D:2      | Reached XP level 2. HP: 15/15 MP: 6/8
   207 | D:2      | Learned a level 2 spell: Ensorcelled Hibernation
   244 | D:2      | Found a glowing silver altar of Zin.
   354 | D:3      | Noticed Grinder
   464 | D:2      | Found an opulent altar of Gozag.
   574 | D:2      | Reached XP level 3. HP: 19/19 MP: 9/9
   579 | D:2      | Learned a level 3 spell: Confuse
   789 | D:2      | Reached skill level 5 in Stealth
  1123 | D:4      | Mangled by a worm

Levels and vault maps discovered:
D:1:      dpeg_arrival_lava_altar, layout_loops_ring
D:2:      layout_loops_ring, marbit_many_paths, zin_statuary,
          minmay_misc_feat_pillars, hangedman_feature_mirror,
          okawaru_ov_weapons_minmay
D:3:      layout_basic, old_standard_altar, first_ration, uniq_sigmund,
          uniq_crazy_yiuf_cottage, uniq_grinder
D:4:      layout_rooms

Skill      XL: |  1  2  3 |
---------------+----------+-----
Stealth        | 4 5 |  5.1
Short Blades   | 2 |  2.0
Dodging        | |  2.4
Spellcasting   | |  3.0
Hexes          | |  4.0

Action                   || total
-------------------------++-------
Melee: Dagger            ||    54
       Spear             ||    42
 Cast: Corona            ||     9
       Ensorcelled Hiber ||    13
       Confuse           ||     8
  Use: Scroll            ||     2
 Stab: Sleeping          ||    12
       Confused          ||     3
  Eat: Chunk             ||     1
Armor: Robe              ||    26
Dodge: Dodged            ||    74

Table legend:
 A = Non-vault XP
 B = Vault XP
 C = Vault XP percentage of total XP
 D = Non-vault monster count
 E = Vault monster count
 F = Vault count percentage of total count
                 A         B        C        D         E       F
            +---------+---------+-------+---------+---------+-------
      Total |      51 |       7 |  12.1 |      19 |       2 |   9.5
            +---------+---------+-------+---------+---------+-------
        D:1 |       5 |       0 |   0.0 |       3 |       0 |   0.0
        D:2 |      36 |       7 |  16.3 |      14 |       2 |  12.5
        D:4 |      10 |       0 |   0.0 |       2 |       0 |   0.0
            +---------+---------+-------+---------+---------+-------
